 Dungeon Crawl Stone Soup version 0.24-a0-521-g122614bf49 (webtiles) character file.

Game seed: 1889676091690689590

5205 Gargoyl the Schismatic (level 10, -2/80 (81) HPs)
             Began as a Centaur Abyssal Knight on July 29, 2019.
             Was an Elder of Lugonu.
             Slain by a skeletal warrior
             ... wielding a +0 mace
              (11 damage)
             ... on level 9 of the Dungeon.
             The game lasted 00:17:26 (10504 turns).

Gargoyl the Schismatic (Centaur Abyssal Knight)    Turns: 10504, Time: 00:17:27

HP:   -2/80 (81)    AC: 17    Str: 18    XL:     10   Next: 35%
MP:   14/15         EV:  3    Int: 11    God:    Lugonu [****..]
Gold: 405           SH: 12    Dex: 16    Spells: 9/9 levels left

rFire    . . .     SeeInvis .   i - +8 falchion of the Dark Horse {protect, Dex+5}
rCold    . . .     Gourm    .   n - +2 shield
rNeg     . . .     Faith    .   b - +0 plate armour
rPois    .         Spirit   .   (no helmet)
rElec    .         Reflect  .   (no cloak)
rCorr    .         Harm     .   (no gloves)
MR       .....                  (no barding)
Stlth    ..........             (no amulet)
HPRegen  0.23/turn              h - +2 ring of strength
MPRegen  0.14/turn              (no ring)

@: about to teleport, protection aura, very quick
A: large, hooves 3, deformed body, speed 2, tough skin 3
a: Depart the Abyss, Bend Space, Banish, Corrupt, Renounce Religion


You were on level 9 of the Dungeon.
You worshipped Lugonu.
Lugonu was greatly pleased with you.
You were not hungry.

You visited 1 branch of the dungeon, and saw 9 of its levels.
You visited the Abyss 1 time.

You collected 460 gold pieces.
You spent 55 gold pieces at shops.

Inventory:

Hand Weapons
 a - a +4 hand axe
 i - the +8 falchion of the Dark Horse (weapon) {protect, Dex+5}
   (You found it on level 3 of the Dungeon)

   It grants its wielder temporary protection when it strikes (+7 to AC).
   It affects your dexterity (+5).
Missiles
 l - 3 boomerangs (quivered)
Armour
 b - a +0 plate armour (worn)
 e - the -5 buckler of Puseg {rElec rPois}
   (You found it on level 2 of the Abyss)

   It insulates you from electricity.
   It protects you from poison.
 n - a +2 shield (worn)
Jewellery
 h - a +2 ring of strength (left hand)
Wands
 v - a wand of acid (9)
 w - a wand of clouds (6)
 x - a wand of flame (25)
Scrolls
 d - 2 scrolls of identify
 g - 5 scrolls of remove curse
 j - 5 scrolls of teleportation
 m - 2 scrolls of blinking
 u - 2 scrolls of fear
Potions
 f - a potion of agility
 k - 3 potions of heal wounds
 o - a potion of lignification
 p - a potion of haste
 q - a potion of flight
 r - 2 potions of might
 s - a potion of resistance
 t - a potion of curing
 z - a potion of magic
Comestibles
 c - 13 rations


   Skills:
 + Level 5.5 Fighting
 + Level 6.5 Long Blades
 + Level 3.2 Axes
 + Level 1.7 Throwing
 * Level 5.1 Armour
 + Level 3.2 Dodging
 * Level 5.2 Shields
 * Level 6.9 Invocations
 + Level 1.1 Evocations


You had 9 spell levels left.
You didn't know any spells.
Your spell library contained the following spells:

 Spells                   Type           Power        Failure   Level  Hunger
 Magic Dart               Conj           #...         100%        1    ##.....
 Searing Ray              Conj           #.....       100%        2    ###....
 Dazzling Spray           Conj/Hex       #.....       100%        3    ####...
 Force Lance              Conj/Tloc      #.......     100%        4    #####..
 Fulminant Prism          Conj/Hex       #.........   100%        4    #####..
 Iskenderun's Mystic Bla  Conj           #.......     100%        4    #####..


Dungeon Overview and Level Annotations

Branches:
Dungeon (9/15)             Temple (0/1) D:4
   Lair: D:8-11         Orc: D:9-12

Altars:
Dithmenos
Elyvilon
Fedhas
Gozag
Hepliaklqana
Kikubaaqudgha
Nemelex Xobeh
Okawaru
Ru
Uskayaw
Wu Jian
The Shining One

Shops:
D:8 !


Innate Abilities, Weirdness & Mutations

You have hooves in place of feet.
Armour fits poorly on your strangely shaped body.
You cover ground very quickly.
You have extremely tough skin. (AC +3)


Message History

The skeletal warrior completely misses you.
You riposte.
You hit the skeletal warrior.
You kick the skeletal warrior, but do no damage.
The skeletal warrior is lightly damaged.
The skeletal warrior hits you with a +0 morningstar.
Space bends sharply around you!
The skeletal warrior blinks! x2; You blink.
You block the skeletal warrior's attack.
The skeletal warrior hits you with a +0 mace!
You hit the skeletal warrior but do no damage.
Your kick misses the skeletal warrior.
The skeletal warrior is lightly damaged.
The skeletal warrior hits you with a +0 short sword.
* * * LOW HITPOINT WARNING * * *
The skeletal warrior hits you with a +0 long sword.
* * * LOW HITPOINT WARNING * * *
The skeletal warrior hits you with a +0 mace!
* * * LOW HITPOINT WARNING * * *
You block the skeletal warrior's attack.
The skeletal warrior hits you with a +0 mace!
You die...

#....(..#
#.......#
#.......#
#.......#
#.......#
#...z...#
#..#########
#zzz5......#
#.@zz##....
#..#.<# .
#..#..#
#..#..#
#..#### #...
...# .#.#
....#


You could see 5 skeletal warriors and a quasit.

Vanquished Creatures
  A fire crab (D:7)
  Joseph (D:8)
  A kobold demonologist (D:7)
  A hippogriff (D:8)
  Sigmund (D:4)
  The ghost of milododd the Digger, an amateur DrEE (D:3)
  Duvessa (D:6)
  A black bear (D:6)
  3 ice beasts
  An orc warrior (D:7)
  2 sky beasts
  A necrophage (D:7)
  3 ogres
  3 phantoms
  A centaur (D:6)
  5 bullfrogs
  Dowan (D:6)
  3 scorpions
  A water moccasin skeleton (D:6)
  5 killer bees (D:8)
  3 howler monkeys
  2 crimson imps
  2 quasits (D:6)
  5 orc priests
  4 hounds
  5 orc wizards
  A bullfrog skeleton (D:5)
  2 iguanas
  9 worker ants
  2 hound zombies
  A hound skeleton (D:5)
  A howler monkey zombie (D:5)
  2 worker ant zombies
  16 gnolls
  2 howler monkey skeletons
  10 adders
  3 shadow imps
  An adder zombie (D:8)
  4 worms
  2 dart slugs
  6 leopard geckos
  15 orcs
  A ball python (D:3)
  5 bats
  3 giant cockroaches
  8 hobgoblins
  8 jackals
  5 quokkas
  6 frilled lizards
  9 goblins
  A jackal skeleton (D:7)
  6 kobolds
  A leopard gecko skeleton (D:2)
  4 rats
  A rat zombie (D:4)
  A plant (D:7)
194 creatures vanquished.

Vanquished Creatures (others)
  A plant (D:7)
1 creature vanquished.

Grand Total: 195 creatures vanquished

Notes
Turn   | Place    | Note
-------+----------+-------------------------------------------
     0 | Abyss:1  | Gargoyl the Centaur Abyssal Knight began the quest for the
                  | Orb.
     0 | Abyss:1  | Reached XP level 1. HP: 19/19 MP: 2/2
    35 | Abyss:1  | Noticed a neqoxec
    38 | Abyss:1  | Noticed a quasit
    39 | Abyss:1  | Noticed a silent spectre
    40 | Abyss:1  | Noticed a wretched star
    42 | Abyss:1  | Noticed an iron imp
    42 | Abyss:1  | Noticed a crimson imp
    42 | Abyss:1  | Noticed a quasit
    49 | Abyss:2  | Got a crude buckler
    55 | Abyss:2  | Identified the cursed -5 buckler of Puseg {rElec rPois}
                  | (You found it on level 2 of the Abyss)
   126 | Abyss:2  | Noticed a tentacled starspawn
   126 | Abyss:2  | Noticed a glowing orange brain
   134 | D:1      | Escaped the Abyss
   460 | D:1      | Reached * piety under Lugonu
   460 | D:1      | Reached XP level 2. HP: 24/26 MP: 3/3
  1008 | D:2      | Reached XP level 3. HP: 12/31 MP: 4/4
  1277 | D:2      | Reached skill level 1 in Dodging
  1816 | D:2      | Reached XP level 4. HP: 24/38 MP: 5/5
  1951 | D:2      | Reached ** piety under Lugonu
  2713 | D:3      | Found a runed translucent door.
  2714 | D:3      | Noticed a bullfrog
  2717 | D:3      | Noticed milododd's ghost (amateur DrEE)
  3420 | D:3      | Reached skill level 1 in Shields
  3466 | D:3      | Got a crude falchion
  3467 | D:3      | Identified the +8 falchion of the Dark Horse {protect,
                  | Dex+5} (You found it on level 3 of the Dungeon)
  3506 | D:3      | Killed a bullfrog
  3506 | D:3      | Reached XP level 5. HP: 29/46 MP: 5/7
  3640 | D:3      | Killed milododd's ghost
  3640 | D:3      | Reached XP level 6. HP: 26/52 MP: 8/8
  4078 | D:3      | Found a white marble altar of Elyvilon.
  4103 | D:3      | Found a blossoming altar of Fedhas.
  4105 | D:3      | Found an iron altar of Okawaru.
  4105 | D:3      | Found a glowing golden altar of the Shining One.
  4105 | D:3      | Found an ornate altar of the Wu Jian Council.
  4439 | D:3      | Found a faded altar of an unknown god.
  4528 | D:4      | Noticed Sigmund
  4559 | D:4      | Killed Sigmund
  4559 | D:4      | Reached skill level 1 in Long Blades
  4559 | D:4      | Reached XP level 7. HP: 47/59 MP: 9/9
  4737 | D:4      | Found a sparkling altar of Nemelex Xobeh.
  4737 | D:4      | Found a sacrificial altar of Ru.
  4905 | D:4      | Found a staircase to the Ecumenical Temple.
  4977 | D:4      | Found an ancient bone altar of Kikubaaqudgha.
  5034 | D:4      | Found a hazy altar of Hepliaklqana.
  5321 | D:5      | Entered Level 5 of the Dungeon
  5434 | D:5      | Reached *** piety under Lugonu
  5558 | D:5      | Found an opulent altar of Gozag.
  5564 | D:5      | Reached XP level 8. HP: 67/67 MP: 11/11
  6126 | D:5      | Reached skill level 5 in Invocations
  6333 | D:5      | Found a shadowy altar of Dithmenos.
  6400 | D:6      | Noticed Duvessa
  6400 | D:6      | Noticed Dowan
  6416 | D:6      | Killed Duvessa
  6420 | D:6      | Killed Dowan
  6644 | D:6      | Reached XP level 9. HP: 47/73 MP: 12/12
  6901 | D:6      | Reached skill level 5 in Fighting
  6980 | D:6      | Reached skill level 5 in Long Blades
  7708 | D:7      | Found a transporter.
  7718 | D:7      | Noticed a kobold demonologist
  7732 | D:7      | Found a transporter.
  7732 | D:7      | Noticed a fire crab
  8552 | D:7      | Killed a fire crab
  8553 | D:7      | Reached skill level 1 in Throwing
  8554 | D:7      | Killed a kobold demonologist
  8554 | D:7      | Reached **** piety under Lugonu
  8919 | D:7      | Reached XP level 10. HP: 79/81 MP: 14/14
  9485 | D:8      | Reached skill level 1 in Evocations
  9650 | D:8      | Noticed Joseph
  9769 | D:8      | Killed Joseph
  9769 | D:8      | Reached skill level 5 in Armour
  9769 | D:8      | Reached skill level 5 in Shields
 10061 | D:8      | Found Luleg's Distillery.
 10067 | D:8      | Bought a potion of heal wounds for 55 gold pieces
 10193 | D:8      | Found a hide-covered altar of Uskayaw.
 10488 | D:9      | Noticed a skeletal warrior
 10488 | D:9      | Noticed a skeletal warrior
 10490 | D:9      | Noticed a skeletal warrior
 10490 | D:9      | Noticed a skeletal warrior
 10490 | D:9      | Noticed a skeletal warrior
 10504 | D:9      | Slain by a skeletal warrior

Levels and vault maps discovered:
D:1:      lemuel_arrival_muddy, layout_loops_ring
D:2:      layout_rooms, first_ration, kennysheep_decorative_pillar
D:3:      layout_basic, grunt_temple_overflow_open, elyvilon_altar_5,
          chequers_ecumenical_altar_lobes, ebering_ghost_sewer_d,
          kennysheep_generic_room_11
D:4:      layout_rooms, lemuel_coloured_pillars_altar,
          lemuel_zombie_altar_kikubaaqudgha, gammafunk_temple_overflow_wave,
          minmay_temple_entry_waves, uniq_sigmund
D:5:      layout_loops_cross, lemuel_round_altar, overflow_temple_1_default,
          minmay_fountain_box
D:6:      layout_loops_cross, uniq_duvessa
D:7:      gammafunk_wand_slinger, layout_cave_pods
D:8:      layout_loops_ring, marbit_many_paths, serial_shops, shop,
          chequers_serial_rivers_marsh, serial_bayou_pond_b, uniq_joseph
D:9:      minmay_razor_zed, layout_basic, nicolae_overflow_hidden_temple,
          erik_orc_1, david_nohive_1

Skill      XL: |  1  2  3  4  5  6  7  8  9 10 |
---------------+-------------------------------+-----
Axes           | 2 3 |  3.2
Dodging        | 1 2 3 |  3.2
Armour         | 2 3 4 5 |  5.1
Shields        | 1 2 3 4 5 |  5.2
Fighting       | 4 5 |  5.5
Invocations    | 3 4 5 6 |  6.9
Long Blades    | 1 3 4 5 6 |  6.5
Throwing       | 1 |  1.7
Evocations     | 1 |  1.1

Action                   |  1- 3 |  4- 6 |  7- 9 | 10-12 || total
-------------------------+-------+-------+-------+-------++-------
Melee: Hand axe          |   102 |    56 |       |       ||   158
       Kick              |    17 |    27 |   100 |    33 ||   177
       Falchion          |       |    52 |   296 |    97 ||   445
Throw: Boomerang         |       |       |    10 |       ||    10
Invok: Depart the Abyss  |     1 |       |       |       ||     1
       Bend Space        |       |       |     1 |     1 ||     2
Evoke: Wand              |       |       |     6 |       ||     6
  Use: Scroll            |     3 |     5 |     5 |     8 ||    21
       Potion            |       |     5 |       |       ||     5
  Eat: Chunk             |     2 |     7 |     9 |     4 ||    22
       Ration            |       |       |     1 |       ||     1
Armor: Leather armour    |    44 |    41 |   135 |    22 ||   242
       Plate armour      |       |       |       |    22 ||    22
Dodge: Dodged            |    57 |    38 |    84 |    23 ||   202
Block: Shield            |       |    38 |   155 |    51 ||   244
       Rpst.: Falchion   |       |     3 |    21 |    10 ||    34

Table legend:
 A = Non-vault XP
 B = Vault XP
 C = Vault XP percentage of total XP
 D = Non-vault monster count
 E = Vault monster count
 F = Vault count percentage of total count
                 A         B        C        D         E       F
            +---------+---------+-------+---------+---------+-------
      Total |    4882 |    2555 |  34.4 |     175 |      18 |   9.3
            +---------+---------+-------+---------+---------+-------
        D:1 |      30 |       0 |   0.0 |      16 |       0 |   0.0
        D:2 |      75 |       0 |   0.0 |      24 |       0 |   0.0
        D:3 |     112 |     293 |  72.3 |      20 |       3 |  13.0
        D:4 |     268 |     228 |  46.0 |      15 |       2 |  11.8
        D:5 |    1295 |       0 |   0.0 |      28 |       0 |   0.0
        D:6 |    1048 |     216 |  17.1 |      27 |       2 |   6.9
        D:7 |    1204 |    1271 |  51.4 |      31 |       6 |  16.2
        D:8 |     850 |     547 |  39.2 |      14 |       5 |  26.3
            +---------+---------+-------+---------+---------+-------
